cohdb
Replays
Latest Replays
All Replays
Popular Replays
Top Player Replays
Match Explorer
How It Works
Community
CoH3 Stats
Reddit
Sign in to upload your games and track your stats! →
Sign in with Steam
Match 46104329
Unlisted
Match 46104329
Overview
Messages
Build Orders
End
Construct Infanterie Kompanie
Kettenkrad Recon Vehicle
Selects Terror Battlegroup
Selects Machine Gun Camouflage
MG 42 Machine Gun Team
Grenadier Squad
Grenadier Squad
MG 42 Machine Gun Team
MG 42 Machine Gun Team
Construct Panzergrenadier Kompanie
251 Medium Carrier
Support Elements
Selects Contempt for the Weak
Nebelwerfer 42 Rocket Launcher Team
Selects Propaganda Leaflet Drop
Pak 40 Anti-tank Gun Team
Kettenkrad Recon Vehicle
ScareCrow
Blitzmensch
Gipfelstürmer
Don Pitudo
ElaGiwrgi
Sjam
0
0
Comments
sign in to comment!
No comments posted yet!